| TOP OF THE 1ST |
|
Vermont Lake Monsters batting - Pitching for Vancouver Canadians : RHP Miguel Martinez
|
|
Pitching: RHP Miguel Martinez
|
|
|
Batting: RHB Josh Mauer
|
0-0: Ball 1-0: Swinging Strike 1-1: Called Strike 1-2: Ball 2-2: Foul Ball, location: 2F 2-2: Strikes out swinging, 2-3 out at first.
|
|
Batting: RHB Chris Temple
|
0-0: Ball 1-0: DOUBLE (Line Drive, 78M, EV 95.6 MPH)
|
|
Batting: LHB Ed Talamantes
|
0-0: Ball 1-0: Ball 2-0: Called Strike 2-1: Foul Ball, location: 2F 2-2: Ball 3-2: Ground out 4-3 (Groundball, 34, EV 105.6 MPH) Chris Temple to third
|
|
Batting: RHB Tetsuya Shinoda
|
0-0: Called Strike 0-1: Called Strike 0-2: Ground out 6-3 (Groundball, 6, EV 99.4 MPH)
|
| Top of the 1st over - 0 runs, 1 hit, 0 errors, 1 left on base; Vermont 0 - Vancouver 0 |
| BOTTOM OF THE 1ST |
|
Vancouver Canadians batting - Pitching for Vermont Lake Monsters : RHP Emanuel Andrade
|
|
Pitching: RHP Emanuel Andrade
|
|
|
Batting: RHB Kennet Strijbis
|
0-0: Ball 1-0: Ball 2-0: Called Strike 2-1: Ball 3-1: Ground out 6-3 (Groundball, 6, EV 102.5 MPH)
|
|
Batting: LHB Roald Jacobs
|
0-0: Ground out U3 (Groundball, 3L, EV 83.8 MPH)
|
|
Batting: RHB Nikita Schram
|
0-0: Called Strike 0-1: SINGLE (Groundball, 6M, EV 91.9 MPH) (infield hit)
|
|
Batting: RHB Norm Mercer
|
0-0: Ball Nikita Schram steals 2nd base 1-0: Swinging Strike 1-1: Swinging Strike 1-2: Ball 2-2: Ground out 5-3 (Groundball, 56, EV 86.9 MPH)
|
| Bottom of the 1st over - 0 runs, 1 hit, 0 errors, 1 left on base; Vermont 0 - Vancouver 0 |
| TOP OF THE 2ND |
|
Vermont Lake Monsters batting - Pitching for Vancouver Canadians : RHP Miguel Martinez
|
|
Batting: RHB Chris Prinzing
|
0-0: Ground out 6-3 (Groundball, 6M, EV 103.8 MPH)
|
|
Batting: SHB Steve Salafia
|
0-0: Called Strike 0-1: Ground out 4-3 (Groundball, 4, EV 90.6 MPH)
|
|
Batting: RHB Jamie Jennings
|
0-0: Ball 1-0: Called Strike 1-1: Foul Ball, location: 2F 1-2: Ground out 4-3 (Groundball, 34, EV 105.0 MPH)
|
| Top of the 2nd over - 0 runs, 0 hits, 0 errors, 0 left on base; Vermont 0 - Vancouver 0 |
| BOTTOM OF THE 2ND |
|
Vancouver Canadians batting - Pitching for Vermont Lake Monsters : RHP Emanuel Andrade
|
|
Batting: RHB Carlos Renteria
|
0-0: Called Strike 0-1: Ball 1-1: Ball 2-1: Ball 3-1: Foul Ball, location: 2F 3-2: Base on Balls
|
|
Batting: RHB Elliot Manfredini
|
0-0: Called Strike 0-1: Called Strike 0-2: Ball 1-2: Fly out, F7 (Flyball, 7, EV 80.6 MPH)
|
|
Batting: RHB Ricky Carbajal
|
0-0: Called Strike 0-1: Ball Carlos Renteria is caught stealing 2nd base 2-4 1-1: Swinging Strike 1-2: Reached on error, E5 (Groundball, 5, EV 87.5 MPH)
|
|
Batting: RHB Dan Hilyer
|
0-0: Ball Ricky Carbajal steals 2nd base 1-0: Swinging Strike 1-1: Swinging Strike 1-2: Ball 2-2: Strikes out swinging
|
| Bottom of the 2nd over - 0 runs, 0 hits, 1 error, 1 left on base; Vermont 0 - Vancouver 0 |
| TOP OF THE 3RD |
|
Vermont Lake Monsters batting - Pitching for Vancouver Canadians : RHP Miguel Martinez
|
|
Batting: RHB Jon Coleman
|
0-0: Ball 1-0: Ground out U3 (Groundball, 34S, EV 80.6 MPH)
|
|
Batting: SHB Eric Tiehen
|
0-0: Ball 1-0: Foul Ball, location: 2F 1-1: Ground out U3 (Groundball, 3, EV 85.0 MPH)
|
|
Batting: RHB Josh Mauer
|
0-0: Called Strike 0-1: Ball 1-1: Ball 2-1: Foul Ball, location: 2F 2-2: SINGLE (Groundball, 6D, EV 95.6 MPH)
|
|
Batting: RHB Chris Temple
|
0-0: Ball 1-0: Foul Ball, location: 2F 1-1: Foul Ball, location: 2F 1-2: DOUBLE (Flyball, 8LD, EV 83.8 MPH) Josh Mauer to third Josh Mauer scores
|
|
Batting: LHB Ed Talamantes
|
0-0: Called Strike 0-1: Ball 1-1: Swinging Strike 1-2: Strikes out swinging
|
| Top of the 3rd over - 1 run, 2 hits, 0 errors, 1 left on base; Vermont 1 - Vancouver 0 |
| BOTTOM OF THE 3RD |
|
Vancouver Canadians batting - Pitching for Vermont Lake Monsters : RHP Emanuel Andrade
|
|
Batting: RHB Luis Vargas
|
0-0: Swinging Strike 0-1: Called Strike 0-2: Foul Ball, location: 2F 0-2: Strikes out swinging, 2-3 out at first.
|
|
Batting: RHB Kennet Strijbis
|
0-0: Ball 1-0: Ball 2-0: Ball 3-0: Called Strike 3-1: Called Strike 3-2: Foul Ball, location: 2F 3-2: Foul Ball, location: 2F 3-2: Base on Balls
|
|
Batting: LHB Roald Jacobs
|
0-0: Called Strike Kennet Strijbis steals 2nd base 0-1: Foul Ball, location: 2F 0-2: Ground out 6-3 (Groundball, 6M, EV 85.6 MPH) Kennet Strijbis to third
|
|
Batting: RHB Nikita Schram
|
0-0: Ball 1-0: Swinging Strike 1-1: Ball 2-1: Foul Ball, location: 2F 2-2: Foul Ball, location: 2F 2-2: Ball 3-2: Strikes out looking
|
| Bottom of the 3rd over - 0 runs, 0 hits, 0 errors, 1 left on base; Vermont 1 - Vancouver 0 |
| TOP OF THE 4TH |
|
Vermont Lake Monsters batting - Pitching for Vancouver Canadians : RHP Miguel Martinez
|
|
Batting: RHB Tetsuya Shinoda
|
0-0: Called Strike 0-1: Ball 1-1: Ball 2-1: Foul Ball, location: 2F 2-2: Foul Ball, location: 2F 2-2: Foul Ball, location: 2F 2-2: Foul Ball, location: 2F 2-2: Foul Ball, location: 2F 2-2: SINGLE (Groundball, 4S, EV 73.8 MPH) (infield hit)
|
|
Batting: RHB Chris Prinzing
|
0-0: Ball 1-0: Fielders Choice at 2nd, 4-6 (Groundball, 4, EV 105.6 MPH)
|
|
Batting: SHB Steve Salafia
|
0-0: Ball 1-0: Fielders Choice at 2nd, 6-4 (Groundball, 6, EV 85.6 MPH)
|
|
Batting: RHB Jamie Jennings
|
0-0: SINGLE (Line Drive, 34D, EV 95.6 MPH) Steve Salafia to second Runner from 2nd tries for 3rd, SAFE, no throw by RF
|
|
Batting: RHB Jon Coleman
|
0-0: Ground out 4-3 (Groundball, 34, EV 96.2 MPH)
|
| Top of the 4th over - 0 runs, 2 hits, 0 errors, 2 left on base; Vermont 1 - Vancouver 0 |
| BOTTOM OF THE 4TH |
|
Vancouver Canadians batting - Pitching for Vermont Lake Monsters : RHP Emanuel Andrade
|
|
Batting: RHB Norm Mercer
|
0-0: Ball 1-0: Foul Ball, location: 2F 1-1: Foul Ball, location: 2F 1-2: Fly out, F8 (Line Drive, 8RM, EV 100.0 MPH)
|
|
Batting: RHB Carlos Renteria
|
0-0: Called Strike 0-1: Ground out 4-3 (Groundball, 4, EV 86.2 MPH)
|
|
Batting: RHB Elliot Manfredini
|
0-0: Called Strike 0-1: Ball 1-1: Called Strike 1-2: Ball 2-2: Strikes out swinging
|
| Bottom of the 4th over - 0 runs, 0 hits, 0 errors, 0 left on base; Vermont 1 - Vancouver 0 |
| TOP OF THE 5TH |
|
Vermont Lake Monsters batting - Pitching for Vancouver Canadians : RHP Miguel Martinez
|
|
Batting: SHB Eric Tiehen
|
0-0: Called Strike 0-1: Swinging Strike 0-2: Ball 1-2: Hit by Pitch
|
|
Batting: RHB Josh Mauer
|
0-0: Ball 1-0: Ball 2-0: Fly out, F4 (Line Drive, 4M, EV 68.8 MPH)
|
|
Batting: RHB Chris Temple
|
0-0: Ball 1-0: Ball 2-0: Ball 3-0: Base on Balls Eric Tiehen to second
|
|
Batting: LHB Ed Talamantes
|
0-0: Foul Ball, location: 2F 0-1: Foul Ball, location: 2F 0-2: Ball 1-2: Ball 2-2: SINGLE (Groundball, 56S, EV 65.6 MPH) (infield hit) Eric Tiehen to third Chris Temple to second
|
|
Batting: RHB Tetsuya Shinoda
|
0-0: Ball 1-0: Ball 2-0: Grounds into fielders choice U2 (Groundball, 15S, EV 70.0 MPH) Chris Temple to third Ed Talamantes to second
|
|
Batting: RHB Chris Prinzing
|
0-0: Fly out, F4 (Line Drive, 4, EV 71.2 MPH)
|
| Top of the 5th over - 0 runs, 1 hit, 0 errors, 3 left on base; Vermont 1 - Vancouver 0 |
| BOTTOM OF THE 5TH |
|
Vancouver Canadians batting - Pitching for Vermont Lake Monsters : RHP Emanuel Andrade
|
|
Batting: RHB Ricky Carbajal
|
0-0: Ball 1-0: Fly out, F7 (Flyball, 7, EV 94.4 MPH)
|
|
Batting: RHB Dan Hilyer
|
0-0: Ball 1-0: Swinging Strike 1-1: Ball 2-1: Called Strike 2-2: Fly out, F4 (Popup, 4MD, EV 48.8 MPH)
|
|
Batting: RHB Luis Vargas
|
0-0: Ball 1-0: Foul Ball, location: 2F 1-1: Ball 2-1: Foul Ball, location: 2F 2-2: Ball 3-2: Reached on error, E5 (Groundball, 5S, EV 81.2 MPH)
|
|
Batting: RHB Kennet Strijbis
|
0-0: Ball 1-0: Ground out 1-3 (Groundball, 34S, EV 62.5 MPH)
|
| Bottom of the 5th over - 0 runs, 0 hits, 1 error, 1 left on base; Vermont 1 - Vancouver 0 |
| TOP OF THE 6TH |
|
Vermont Lake Monsters batting - Pitching for Vancouver Canadians : RHP Miguel Martinez
|
|
Batting: SHB Steve Salafia
|
0-0: Ball 1-0: Ball 2-0: Called Strike 2-1: Ball 3-1: Called Strike 3-2: SINGLE (Groundball, 34D, EV 95.0 MPH)
|
|
Batting: RHB Jamie Jennings
|
0-0: Ball 1-0: Ball 2-0: Swinging Strike 2-1: Grounds into double play, 4-6-3 (Groundball, 4, EV 82.5 MPH)
|
|
Batting: RHB Jon Coleman
|
0-0: Fly out, F9 (Line Drive, 9D, EV 90.6 MPH)
|
| Top of the 6th over - 0 runs, 1 hit, 0 errors, 0 left on base; Vermont 1 - Vancouver 0 |
| BOTTOM OF THE 6TH |
|
Vancouver Canadians batting - Pitching for Vermont Lake Monsters : RHP Emanuel Andrade
|
|
Batting: LHB Roald Jacobs
|
0-0: Called Strike 0-1: Ball 1-1: Ground out 4-3 (Groundball, 4, EV 104.4 MPH)
|
|
Batting: RHB Nikita Schram
|
0-0: Called Strike 0-1: Ball 1-1: Fly out, F8 (Flyball, 8RD, EV 96.2 MPH)
|
|
Batting: RHB Norm Mercer
|
0-0: Hit by Pitch
|
|
Batting: RHB Carlos Renteria
|
0-0: Ball 1-0: Ground out 4-3 (Groundball, 4M, EV 81.9 MPH)
|
| Bottom of the 6th over - 0 runs, 0 hits, 0 errors, 1 left on base; Vermont 1 - Vancouver 0 |
| TOP OF THE 7TH |
|
Vermont Lake Monsters batting - Pitching for Vancouver Canadians : RHP Miguel Martinez
|
|
Batting: SHB Eric Tiehen
|
0-0: Called Strike 0-1: Foul Ball, location: 2F 0-2: Ball 1-2: Ground out 4-3 (Groundball, 4M, EV 85.0 MPH)
|
|
Batting: RHB Josh Mauer
|
0-0: Ball 1-0: Called Strike 1-1: Called Strike 1-2: Strikes out swinging
|
|
Batting: RHB Chris Temple
|
0-0: Called Strike 0-1: Ball 1-1: Ball 2-1: Foul Ball, location: 2F 2-2: Fly out, F8 (Line Drive, 8LM, EV 100.6 MPH)
|
| Top of the 7th over - 0 runs, 0 hits, 0 errors, 0 left on base; Vermont 1 - Vancouver 0 |
| BOTTOM OF THE 7TH |
|
Vancouver Canadians batting - Pitching for Vermont Lake Monsters : RHP Emanuel Andrade
|
|
Batting: RHB Elliot Manfredini
|
0-0: Ball 1-0: Foul Ball, location: 2F 1-1: Ground out 4-3 (Groundball, 4, EV 100.6 MPH)
|
|
Pinch Hitting: LHB Sonny Flood
|
0-0: Foul Ball, location: 2F 0-1: Ball 1-1: Called Strike 1-2: Strikes out swinging
|
|
Pinch Hitting: LHB Ray Whitehead
|
0-0: Ground out U3 (Groundball, 34, EV 88.1 MPH)
|
| Bottom of the 7th over - 0 runs, 0 hits, 0 errors, 0 left on base; Vermont 1 - Vancouver 0 |
| TOP OF THE 8TH |
|
Vermont Lake Monsters batting - Pitching for Vancouver Canadians : RHP Miguel Martinez
|
|
Pitching: LHP Nick Burnstein
|
|
|
Now in CF: Sonny Flood
|
|
|
Now in RF: Ray Whitehead
|
|
|
Batting: LHB Ed Talamantes
|
0-0: Swinging Strike 0-1: Ball 1-1: Swinging Strike 1-2: Ball 2-2: Ball 3-2: Foul Ball, location: 2F 3-2: Strikes out swinging
|
|
Batting: RHB Tetsuya Shinoda
|
0-0: Ball 1-0: Ground out 6-3 (Groundball, 6, EV 84.4 MPH)
|
|
Batting: RHB Chris Prinzing
|
0-0: Swinging Strike 0-1: Called Strike 0-2: Ball 1-2: Foul Ball, location: 2F 1-2: Fly out, F4 (Line Drive, 4M, EV 72.5 MPH)
|
| Top of the 8th over - 0 runs, 0 hits, 0 errors, 0 left on base; Vermont 1 - Vancouver 0 |
| BOTTOM OF THE 8TH |
|
Vancouver Canadians batting - Pitching for Vermont Lake Monsters : RHP Emanuel Andrade
|
|
Pitching: RHP Mike Kirk
|
|
|
Now at 1B: Jamie Jennings
|
|
|
Now at 3B: Zachary Anderson
|
|
|
Batting: RHB Luis Vargas
|
0-0: Called Strike 0-1: Swinging Strike 0-2: Strikes out swinging, 2-3 out at first.
|
|
Batting: RHB Kennet Strijbis
|
0-0: SINGLE (Line Drive, 6MD, EV 102.5 MPH)
|
|
Batting: LHB Roald Jacobs
|
0-0: Called Strike 0-1: Called Strike 0-2: Strikes out looking
|
|
Batting: RHB Nikita Schram
|
0-0: Swinging Strike 0-1: Ball 1-1: Ball 2-1: Foul Ball, location: 2F 2-2: Ball 3-2: Strikes out looking
|
| Bottom of the 8th over - 0 runs, 1 hit, 0 errors, 1 left on base; Vermont 1 - Vancouver 0 |
| TOP OF THE 9TH |
|
Vermont Lake Monsters batting - Pitching for Vancouver Canadians : LHP Nick Burnstein
|
|
Pitching: RHP Steve Schultz
|
|
|
Batting: SHB Steve Salafia
|
0-0: Called Strike 0-1: Foul Ball, location: 2F 0-2: Ball 1-2: Ball 2-2: Strikes out swinging
|
|
Batting: RHB Jamie Jennings
|
0-0: Ball 1-0: Called Strike 1-1: Ball 2-1: Ball 3-1: Foul Ball, location: 2F 3-2: Ground out 6-3 (Groundball, 6MD, EV 100.6 MPH)
|
|
Batting: RHB Jon Coleman
|
0-0: Foul Ball, location: 2F 0-1: Called Strike 0-2: Ball 1-2: Strikes out swinging
|
| Top of the 9th over - 0 runs, 0 hits, 0 errors, 0 left on base; Vermont 1 - Vancouver 0 |
| BOTTOM OF THE 9TH |
|
Vancouver Canadians batting - Pitching for Vermont Lake Monsters : RHP Mike Kirk
|
|
Pitching: LHP Logan Stewart
|
|
|
Batting: RHB Norm Mercer
|
0-0: Called Strike 0-1: Ball 1-1: Ball 2-1: Called Strike 2-2: Ball 3-2: Ground out 1-3 (Groundball, 34S, EV 68.8 MPH)
|
|
Batting: RHB Carlos Renteria
|
0-0: Called Strike 0-1: Ground out 4-3 (Groundball, 4, EV 104.4 MPH)
|
|
Batting: RHB Elliot Manfredini
|
0-0: Ball 1-0: Swinging Strike 1-1: Swinging Strike 1-2: Hit by Pitch
|
|
Pinch Hitting: RHB Mark Noftall
|
0-0: Ball 1-0: Foul Ball, location: 2F 1-1: SINGLE (Line Drive, 78M, EV 95.0 MPH) Elliot Manfredini to second
|
|
Batting: LHB Ray Whitehead
|
0-0: Ball 1-0: Swinging Strike 1-1: Swinging Strike 1-2: Foul Ball, location: 2F 1-2: Ground out 4-3 (Groundball, 4, EV 83.8 MPH)
|
| Bottom of the 9th over - 0 runs, 1 hit, 0 errors, 2 left on base; Vermont 1 - Vancouver 0 |
|